 Dungeon Crawl Stone Soup version 0.28-a0-604-g249bb1af34 (webtiles) character file.

Game seed: 5467902353195628820

616 Gargoyl the Skirmisher (level 7, -3/60 HPs)
             Began as a Gnoll Abyssal Knight on Oct 5, 2021.
             Was a Believer of Lugonu.
             Slain by a wight (20 damage)
             ... on level 4 of the Dungeon.
             The game lasted 00:04:16 (3165 turns).

Gargoyl the Skirmisher (Gnoll Abyssal Knight)       Turns: 3165, Time: 00:04:17

Health: -3/60      AC: 12    Str: 15    XL:     7   Next: 45%
Magic:  11/11      EV:  7    Int:  9    God:    Lugonu [**....]
Gold:   157        SH:  0    Dex: 12    Spells: 11/11 levels left

rFire   . . .      SeeInvis .   a - +1 hand axe
rCold   . . .      Faith    .   (no shield)
rNeg    . . .      Spirit   .   d - +1 chain mail
rPois   .          Reflect  .   (no helmet)
rElec   .          Harm     .   (no cloak)
rCorr   .          Rampage  .   j - +0 pair of gloves
Will    .....                   (no boots)
Stlth   ..........              (no amulet)
HPRegen 0.20/turn               (no ring)
MPRegen 0.12/turn               (no ring)

@: no status effects
A: fangs 1, strong nose, distributed training
a: Renounce Religion, Depart the Abyss, Bend Space


You were on level 4 of the Dungeon.
You worshipped Lugonu.
Lugonu was pleased with you.
You visited 1 branch of the dungeon, and saw 4 of its levels.
You visited the Abyss 1 time.

You collected 157 gold pieces.

Inventory:

Hand Weapons
 a - a +1 hand axe (weapon)
 k - a +0 whip of venom
Missiles
 g - 5 poisoned darts (quivered)
Armour
 d - a +1 chain mail (worn)
 j - a +0 pair of gloves (worn)
Wands
 c - a wand of iceblast (8)
Scrolls
 b - 2 scrolls of identify
 e - a scroll of enchant weapon {unknown}
Potions
 f - a potion of curing {unknown}
 h - a potion of attraction {unknown}
 i - a potion of lignification {unknown}


   Skills:
 + Level 7.0 Fighting
 + Level 2.5 Short Blades
 + Level 2.5 Long Blades
 + Level 5.2 Axes
 + Level 2.5 Maces & Flails
 + Level 2.5 Polearms
 + Level 2.5 Staves
 + Level 2.5 Slings
 + Level 2.5 Bows
 + Level 2.5 Crossbows
 + Level 2.5 Throwing
 + Level 5.2 Armour
 + Level 3.6 Dodging
 + Level 2.5 Stealth
 + Level 2.5 Shields
 + Level 2.5 Unarmed Combat
 + Level 2.5 Spellcasting
 + Level 2.0 Conjurations
 + Level 2.0 Hexes
 + Level 2.0 Summonings
 + Level 2.0 Necromancy
 + Level 2.0 Translocations
 + Level 2.0 Transmutations
 + Level 2.0 Fire Magic
 + Level 2.0 Ice Magic
 + Level 2.0 Air Magic
 + Level 2.0 Earth Magic
 + Level 2.0 Poison Magic
 + Level 5.4 Invocations
 + Level 2.5 Evocations


You had 11 spell levels left.
You didn't know any spells.
Your spell library was empty.

Dungeon Overview and Level Annotations

Branches:
Dungeon (4/15)
 Temple: D:4-7

Altars:


Innate Abilities, Weirdness & Mutations

You have very sharp teeth.
Your uncanny sense of smell can sniff out nearby items.
Your experience applies equally to all skills.


Message History

You slash the adder!
The adder is severely wounded.
You barely miss the jackal. x2
The jackal bites you but does no damage. x2
The adder bites you but does no damage.
The jackal bites you but does no damage.
Unknown command.
You hit the adder.
You kill the adder!
Lugonu accepts your kill.
You miss the jackal. You hit the jackal. The jackal bites you.
The jackal bites you but does no damage. x2
The jackal bites you but does no damage.
A wight comes into view. It is wielding a +0 great sword.
The jackal bites you but does no damage. x2
You see here an adder corpse.
Unknown command. 3 wights come into view.
A wight comes into view. It is wielding a +0 falchion.
The wight closely misses you. The jackal barely misses you. x2
The wight hits you with a +0 great sword!
The jackal bites you but does no damage.
Unknown command.
You barely miss the jackal. You bite the jackal.
The jackal is moderately wounded.
You barely miss the jackal. You hit the wight but do no damage. x2
The jackal bites you but does no damage.
The wight barely misses you. The jackal bites you.
The wight completely misses you.
Unknown command.
You hit the jackal.
You kill the jackal!
Lugonu accepts your kill.
You closely miss the jackal. You hit the wight. x2
The jackal bites you but does no damage.
The wight hits you with a +0 great sword!
* * * LOW HITPOINT WARNING * * *
The jackal bites you but does no damage.
The wight hits you with a +4 great sword!!
You die...

.. .. ... #. ###.#
##..#. ######...#
..#.#.####........
....$....#.##....
...........#..#$#
..............#.#
.......<..#.#..h##
.........†...†††@#
..........#..###zz.#
............##
#z.##∆ ...........##
..z# .....##..#.#
##z# ∆ ##### #.....
.. .<...... ∆ ...
.#...# ...


You could see 5 wights and a jackal.

Vanquished Creatures
  A raiju (Abyss:2)
  A necrophage (D:4)
  A small abomination (Abyss:2)
  An orc priest (D:3)
  Terence (D:2)
  2 orc wizards (D:3)
  7 adders
  An adder skeleton (D:4)
  A dart slug (D:3)
  5 orcs (D:3)
  6 bats
  8 endoplasms
  4 giant cockroaches
  9 goblins
  10 hobgoblins
  6 jackals
  9 kobolds
  2 quokkas
  8 ball pythons
  2 frilled lizards (D:2)
  4 rats
89 creatures vanquished.

Notes
Turn   | Place    | Note
-------+----------+-------------------------------------------
     0 | Abyss:1  | Gargoyl the Gnoll Abyssal Knight began the quest for the
                  | Orb.
     0 | Abyss:1  | Reached XP level 1. HP: 23/23 MP: 3/3
    48 | Abyss:1  | Found a corrupted altar of Lugonu.
    92 | Abyss:2  | Noticed a large abomination
   118 | Abyss:2  | Noticed a ynoxinul
   165 | Abyss:2  | Noticed a raiju
   169 | Abyss:2  | Killed a raiju
   170 | Abyss:2  | Reached skill level 1 in Short Blades
   170 | Abyss:2  | Reached skill level 1 in Long Blades
   170 | Abyss:2  | Reached skill level 1 in Maces & Flails
   170 | Abyss:2  | Reached skill level 1 in Polearms
   170 | Abyss:2  | Reached skill level 1 in Staves
   170 | Abyss:2  | Reached skill level 1 in Slings
   170 | Abyss:2  | Reached skill level 1 in Bows
   170 | Abyss:2  | Reached skill level 1 in Crossbows
   170 | Abyss:2  | Reached skill level 1 in Throwing
   170 | Abyss:2  | Reached skill level 1 in Stealth
   170 | Abyss:2  | Reached skill level 1 in Shields
   170 | Abyss:2  | Reached skill level 1 in Unarmed Combat
   170 | Abyss:2  | Reached skill level 1 in Spellcasting
   170 | Abyss:2  | Reached skill level 1 in Conjurations
   170 | Abyss:2  | Reached skill level 1 in Hexes
   170 | Abyss:2  | Reached skill level 1 in Summonings
   170 | Abyss:2  | Reached skill level 1 in Necromancy
   170 | Abyss:2  | Reached skill level 1 in Translocations
   170 | Abyss:2  | Reached skill level 1 in Transmutations
   170 | Abyss:2  | Reached skill level 1 in Fire Magic
   170 | Abyss:2  | Reached skill level 1 in Ice Magic
   170 | Abyss:2  | Reached skill level 1 in Air Magic
   170 | Abyss:2  | Reached skill level 1 in Earth Magic
   170 | Abyss:2  | Reached skill level 1 in Poison Magic
   170 | Abyss:2  | Reached skill level 1 in Evocations
   170 | Abyss:2  | Reached XP level 2. HP: 29/29 MP: 5/5
   170 | Abyss:2  | Reached XP level 3. HP: 35/35 MP: 6/6
   170 | Abyss:2  | Reached XP level 4. HP: 41/41 MP: 7/7
   170 | Abyss:2  | Reached XP level 5. HP: 47/47 MP: 8/8
   173 | Abyss:2  | Noticed a starcursed mass
   174 | Abyss:2  | Noticed a small abomination
   181 | Abyss:2  | Killed a small abomination
   182 | Abyss:2  | Reached skill level 5 in Invocations
   182 | Abyss:2  | Reached XP level 6. HP: 36/53 MP: 9/9
   182 | D:1      | Escaped the Abyss
   390 | D:1      | Reached * piety under Lugonu
   661 | D:1      | Reached skill level 5 in Axes
   661 | D:1      | Reached skill level 5 in Armour
   842 | D:1      | You fall into a shaft and drop 1 floor!
   896 | D:2      | Noticed Terence
   910 | D:2      | Killed Terence
  1497 | D:2      | Reached ** piety under Lugonu
  2193 | D:3      | Reached XP level 7. HP: 16/59 MP: 10/10
  2514 | D:3      | Found a faded altar of an unknown god.
  2743 | D:3      | Reached skill level 7 in Fighting
  3165 | D:4      | Slain by a wight

Illustrated notes

Levels and vault maps discovered:
D:1:      shiori_arrival_oz, layout_basic, hangedman_abyss_or_decor_stabs,
          nrook_campfire, chequers_serial_rivers_micro_e, nrook_mini_backslash,
          nrook_loot_triangle, kennysheep_nondescript
D:2:      layout_loops_ring, uniq_terence
D:3:      layout_rooms, ebering_ecumenical_altar_rust, chequers_avenue
D:4:      layout_rooms, nicolae_shop_clearance, uniq_pikel

Skill      XL: |  1  2  3  4  5  6  7 |
---------------+----------------------+-----
Short Blades   | 1 2 |  2.5
Long Blades    | 1 2 |  2.5
Maces & Flails | 1 2 |  2.5
Polearms       | 1 2 |  2.5
Staves         | 1 2 |  2.5
Slings         | 1 2 |  2.5
Bows           | 1 2 |  2.5
Crossbows      | 1 2 |  2.5
Throwing       | 1 2 |  2.5
Dodging        | 3 |  3.6
Stealth        | 1 2 |  2.5
Shields        | 1 2 |  2.5
Unarmed Combat | 1 2 |  2.5
Spellcasting   | 1 2 |  2.5
Conjurations   | 1 2 |  2.0
Hexes          | 1 2 |  2.0
Summonings     | 1 2 |  2.0
Necromancy     | 1 2 |  2.0
Translocations | 1 2 |  2.0
Transmutations | 1 2 |  2.0
Fire Magic     | 1 2 |  2.0
Ice Magic      | 1 2 |  2.0
Air Magic      | 1 2 |  2.0
Earth Magic    | 1 2 |  2.0
Poison Magic   | 1 2 |  2.0
Evocations     | 1 2 |  2.5
Invocations    | 5 |  5.4
Axes           | 5 |  5.2
Armour         | 5 |  5.2
Fighting       | 7 |  7.0

Action                   |  1- 3 |  4- 6 |  7- 9 || total
-------------------------+-------+-------+-------++-------
Melee: Hand axe          |       |   195 |    70 ||   265
       Bite              |       |    12 |     9 ||    21
       Punch             |       |     1 |       ||     1
Throw: Dart              |       |     7 |     3 ||    10
Invok: Depart the Abyss  |       |     1 |       ||     1
Evoke: Wand              |     4 |     3 |       ||     7
  Use: Potion            |     1 |     2 |       ||     3
       Scroll            |       |     2 |       ||     2
 Stab: Sleeping          |       |     1 |       ||     1
Armor: Chain mail        |       |   126 |    70 ||   196
       Leather armour    |       |     7 |       ||     7
Dodge: Dodged            |       |    69 |    35 ||   104

Table legend: (Time is in decaauts)
 A = Elapsed time spent in this place.
 B = Non-inter-level travel time spent in this place.
 C = Inter-level travel time spent in this place.
 D = Time resting spent in this place.
 E = Time spent auto-exploring this place.
 F = Levels seen in this place.
 G = Mean time per level.
                   A        B        C        D        E       F      G
               +--------+--------+--------+--------+--------+-----+--------+
         Total |   3158 |   3027 |    131 |     93 |   2215 |   6 |  526.3 |
       Dungeon |   2995 |   2864 |    131 |     93 |   2101 |   4 |  748.8 |
         Abyss |    162 |    162 |      0 |      0 |    114 |   2 |   81.0 |
               +--------+--------+--------+--------+--------+-----+--------+

Top non-repeatable levels by time:
     D:3: 1104 daAuts
     D:1: 908 daAuts
     D:2: 903 daAuts
 Abyss:1: 85 daAuts
     D:4: 78 daAuts
 Abyss:2: 77 daAuts
